cohdb
Replays
Latest Replays
All Replays
Popular Replays
Top Player Replays
Match Explorer
How It Works
Community
CoH3 Stats
Reddit
Sign in to upload your games and track your stats! →
Sign in with Steam
Match 40266444
Unlisted
Match 40266444
Overview
Messages
Build Orders
End
Pioneer Squad
Construct Infanterie Kompanie
MG 42 Machine Gun Team
Grenadier Squad
GrW 34 Mortar Team
Construct Luftwaffe Kompanie
Selects Terror Battlegroup
Selects Terror Battlegroup
Selects Machine Gun Camouflage
221 Scout Car
Jäger Squad
Selects Contempt for the Weak
Support Elements
Luftwaffe Officer Quarters
Jäger Squad
Wirbelwind Flakpanzer
Medical Bunker
Forward Retreat Point
Selects Propaganda Leaflet Drop
Construct Panzer Kompanie
给你一枪
BigShoota
MelonZbz
何人一笑
抖音呆呆河马-英3小程序
932878721
爱姝琴的每一天
240200965
0
0
Comments
sign in to comment!
No comments posted yet!